 Dungeon Crawl Stone Soup version 0.21.0-3-g78d12a8 (webtiles) character file.

168385 Gobbopathe the Sensei (level 17, -7/76 HPs)
             Began as a Vine Stalker Transmuter on Jan 10, 2018.
             Was the Champion of Wu Jian.
             Mangled by a spark wasp (23 damage)
             ... on level 4 of the Spider Nest.
             The game lasted 02:51:39 (28889 turns).

Gobbopathe the Sensei (Vine Stalker Transmuter)    Turns: 28889, Time: 02:51:40

Health: -7/76      AC: 21    Str: 17    XL:     17   Next: 94%
Magic:  0/42       EV: 10    Int: 23    God:    Wu Jian [******]
Gold:   900        SH: 13    Dex: 18    Spells: 8/36 levels left

rFire    + + +     SeeInvis +     - Unarmed
rCold    + + .     Gourm    .   Z - +2 shield of Resistance {rF+ rC+ MR+}
rNeg     . . .     Faith    .   H - +4 ring mail
rPois    +         Spirit   +   V - +3 hat of Pondering {ponderous, MR+ MP+10 Int+5}
rElec    .         Reflect  .   q - +2 cloak {rC+}
rCorr    .         Harm     .   c - +0 pair of gloves {Str+3}
MR       +++++                  o - +1 pair of boots
Stlth    +.........             F - amulet of Onet {+Rage rF+ MR+}
HPRegen  1.02/turn              h - ring of see invisible
MPRegen  0.28/turn              P - ring of poison resistance

@: swift (expiring), very slightly contaminated, quick
A: fangs 3, talons 1, slimy green scales 1, agile 1, fire resistance 1, frail 1,
regeneration 2, shaggy fur 1, magic shield, antimagic bite, no potion heal 3,
rot immunity
a: Wall Jump, Serpent's Lash, Heavenly Storm, Renounce Religion, Evoke Berserk
Rage


You were on level 4 of the Spider Nest.
You worshipped Wu Jian.
Wu Jian was exalted by your worship.
You were hungry.

You visited 5 branches of the dungeon, and saw 28 of its levels.
You also visited: Ice Cave.

You collected 2612 gold pieces.
You spent 1712 gold pieces at shops.

Inventory:

Missiles
 k - 8 tomahawks (quivered)
 u - 306 arrows
 y - 8 poisoned javelins
 J - a throwing net
Armour
 c - a +0 pair of gloves of strength (worn)
 l - a scarf of resistance
 o - a +1 pair of boots (worn)
 q - a +2 cloak of cold resistance (worn)
 H - a +4 ring mail (worn)
 Q - +0 acid dragon scales
 U - the +0 scale mail of Mumblety Peg {rElec Str+2 Int-5}
   (You found it on level 15 of the Dungeon)

   It affects your strength (+2).
   It affects your intelligence (-5).
   It insulates you from electricity.
 V - the +3 hat of Pondering (worn) {ponderous, MR+ MP+10 Int+5}
   (You took it off Gastronok on level 9 of the Dungeon)

   It affects your intelligence (+5).
   It affects your resistance to hostile enchantments.
   It affects your magic capacity (+10).
 Z - the +2 shield of Resistance (worn) {rF+ rC+ MR+}
   (You bought it in a shop on level 15 of the Dungeon)

   It protects you from fire.
   It protects you from cold.
   It affects your resistance to hostile enchantments.
Jewellery
 h - a ring of see invisible (left hand)
 D - a +2 ring of evasion
 F - the amulet of Onet (around neck) {+Rage rF+ MR+}
   (You found it on level 4 of the Lair of Beasts)

   [amulet of rage]

   It protects you from fire.
   It affects your resistance to hostile enchantments.
   It lets you go berserk.
 P - a ring of poison resistance (right hand)
 R - an uncursed amulet of magic regeneration
 S - an uncursed ring of magical power
 T - a +3 ring of dexterity
Wands
 j - a wand of disintegration (13)
 r - a wand of acid (25)
 B - a wand of paralysis (2)
 E - a wand of enslavement (27)
 L - a wand of clouds (2)
 O - a wand of digging (12)
 W - a wand of iceblast (22)
Scrolls
 a - 3 scrolls of remove curse
 b - 10 scrolls of teleportation
 e - 2 scrolls of fear
 n - 3 scrolls of magic mapping
 s - 4 scrolls of immolation
 x - 2 scrolls of identify
 A - 3 scrolls of blinking
 I - 2 scrolls of vulnerability
 X - a scroll of fog
Potions
 f - 4 potions of berserk rage
 g - 4 potions of brilliance
 i - 3 potions of magic
 m - a potion of cancellation
 p - 7 potions of might
 v - 5 potions of lignification
 w - 4 potions of haste
 C - a potion of agility
 G - 5 potions of flight
 M - 9 potions of curing
Miscellaneous
 t - a lamp of fire
 z - a box of beasts
 K - a phial of floods
Comestibles
 d - 49 rations
 N - a chunk of flesh


   Skills:
 - Level 8.0 Fighting
 - Level 1.5 Dodging
 + Level 8.7 Shields
 * Level 21.2 Unarmed Combat
 - Level 10.0 Spellcasting
 - Level 6.0 Hexes
 - Level 14.0 Transmutations
 - Level 4.0 Evocations


You had 8 spell levels left.
You knew the following spells:

 Your Spells              Type           Power        Failure   Level  Hunger
b - Sticks to Snakes      Tmut           ######..     1%          2    None
c - Spider Form           Tmut/Pois      #####.....   4%          3    None
d - Blade Hands           Tmut           ######....   1%          5    ####...
e - Yara's Violent Unrav  Hex/Tmut       ######....   11%         5    ####...
f - Confuse               Hex            #####...     6%          3    None
g - Petrify               Tmut/Erth      #####...     13%         4    #......
h - Passwall              Tmut/Erth      #####.....   1%          2    None
i - Blink                 Tloc           N/A          34%         2    None
j - Swiftness             Chrm/Air       ##......     34%         2    None


Dungeon Overview and Level Annotations

Branches:
Dungeon (15/15)            Temple (1/1) D:5            Lair (6/6) D:9
 Shoals (0/4) Lair:3       Spider (4/4) Lair:4        Slime (0/5) Lair:5
    Orc (2/2) D:10            Elf (0/3) Orc:2        Vaults (0/5) D:13
 Depths (0/5) D:15

Altars:
Ashenzari
Cheibriados
Dithmenos
Elyvilon
Fedhas
Gozag
Hepliaklqana
Kikubaaqudgha
Makhleb
Nemelex Xobeh
Okawaru
Qazlal
Ru
Sif Muna
Trog
Uskayaw
Wu Jian
Xom
Yredelemnul
Zin
Beogh

Shops:
D:5 (   D:7 ?   D:11 :   D:12 *[   D:15 [![}?   Orc:2 (=[[*

Annotations:
D:8 exclusions: obsidian statue and orange crystal statue
Lair:6 raiju : need rElec
Spider:4 Gaball's ghost, adept TrMo


Innate Abilities, Weirdness & Mutations

You have razor-sharp teeth.
You heal very quickly.
When hurt, damage is shared between your health and your magic reserves.
Your bite disrupts and absorbs the magic of your enemies.
Potions cannot restore your health.
You are immune to rotting.
You have sharp toenails.
You are partially covered in slimy green scales. (AC +2)
You are agile. (Dex +2)
Your flesh is heat resistant. (rF+)
You are frail. (-10% HP)
You are covered in fur. (AC +1)


Message History

Casting: Swiftness
Confirm with . or Enter, or press ? or * to list all spells.
The water foams!
You feel quick.
The emperor scorpion tears through a web.
You start to feel a little slower.
The ghost moth stares at you.
You feel your power leaking away.
You feel less exhausted. The ghost moth stares at you.
You feel your power leaking away.
The spark wasp bursts into living lightning!
The living lightning hits the ghost moth.
The living lightning hits you!
* * * LOW HITPOINT WARNING * * *
The spark wasp blinks!
You spin and attack the spark wasp.
You punch the spark wasp! Your bite misses the spark wasp.
The spark wasp is lightly wounded.
You block the spark wasp's attack. The spark wasp stings you!!
You die...

#### ##≈≈## ##≈^.≈#
#..†.≈### ##
##≈..≈..≈## .# #.
#≈..##≈..≈## .≈# ..#
##..≈###≈..≈# ≈≈## ..#
#≈..## #≈≈†≈###≈≈# ..
##≈..# #≈≈.@y^#≈≈#
#####...## #.≈#≈...≈≈≈#
...###≈.###.^.###≈..≈##
...# #≈..###..#
##sy.^##
...####≈.≈≈#### #≈...≈#
...^# ##....# ##.≈s.##
#...# ##.^.≈## ###...#
#...###≈##≈.≈##+# ##s.#
#^..''.^##..≈##.. #..≈#


You could see 3 emperor scorpions, a ghost moth (invisible) and a spark wasp
(pinned).

Vanquished Creatures
  Rupert (Lair:3)
  Gastronok (D:9)
  Kirke (Spider:4)
  Donald (Orc:2)
  The ghost of Akransas the Warrior, a journeyman MiBe of Trog (Spider:4)
  5 ghost moths
  3 emperor scorpions (Spider:1)
  3 entropy weavers
  Nessos (Orc:2)
  2 spark wasps
  Azrael (D:13)
  A fire dragon (Lair:6)
  Josephine (D:14)
  Snorg (Orc:2)
  A yaktaur captain (D:15)
  2 hydras
  Erolcha (Orc:2)
  2 centaur warriors
  23 two-headed ogres
  5 ogre magi
  3 death yaks (Lair:5)
  Urug (D:14)
  Sonja (Orc:2)
  2 unseen horrors
  5 skeletal warriors (D:14)
  A lindwurm (shapeshifter) (D:13)
  A swamp dragon (Lair:6)
  Pikel (D:7)
  3 orc knights
  11 orb spiders
  A necromancer (D:13)
  3 oklob plants (Lair:5)
  18 ugly things
  An orc sorcerer (Orc:2)
  24 wolf spiders
  2 cyclopes
  A deep elf mage (D:14)
  A manticore (D:15)
  A centaur zombie (D:12)
  3 black mambas
  Joseph (D:8)
  2 ice statues (IceCv)
  4 centaur skeletons (D:12)
  4 torpor snails
  7 spiny frogs
  3 rime drakes
  A yaktaur (D:15)
  6 komodo dragons
  5 kobold demonologists (D:13)
  A redback zombie (D:14)
  8 demonic crawlers
  7 trolls
  27 jumping spiders
  6 meliai
  27 polar bears
  A snapping turtle (Lair:3)
  The ghost of komo4ek the Cutter, an amateur HuGl (D:3)
  4 raiju (Lair:6)
  11 hornets
  8 dream sheep
  13 blink frogs
  8 hippogriffs
  2 meliai zombies
  2 shadows
  59 yaks
  A centaur simulacrum (D:15)
  5 wraiths
  62 redbacks
  2 vampires
  22 tarantellas
  5 wyverns
  5 fire elementals (D:13)
  2 basilisks
  4 hogs (Spider:4)
  2 steam dragons (Lair:6)
  5 hungry ghosts
  18 vampire mosquitoes
  Edmund (D:4)
  12 water moccasins
  The ghost of dscm the Grave Robber, an amateur OpNe of Ashenzari (D:4)
  14 hell hounds
  2 acid dragons
  10 wargs
  6 porcupines
  10 ice beasts
  A swamp drake (Lair:6)
  25 orc warriors
  3 sky beasts
  A necrophage (D:13)
  5 phantoms
  29 ogres
  An eye of draining (D:13)
  13 black bears
  8 centaurs
  34 wolves
  16 crocodiles
  A crocodile (shapeshifter) (D:13)
  5 big kobolds
  24 bullfrogs
  A wyvern skeleton (D:12)
  2 scorpions
  10 killer bees
  4 wights (D:11)
  5 crimson imps
  3 bullfrog zombies
  4 hounds
  21 orc wizards
  A gnoll shaman (D:6)
  6 bullfrog skeletons
  24 orc priests
  3 jellies
  3 iguanas
  6 worker ants
  A hound skeleton (D:11)
  14 gnolls
  A howler monkey skeleton (D:10)
  21 adders
  3 shadow imps
  2 oozes
  An adder zombie (D:8)
  2 adder skeletons
  5 worms
  8 leopard geckos
  71 orcs
  4 ball pythons
  5 bats
  9 giant cockroaches
  9 goblins
  5 hobgoblins
  6 jackals
  26 kobolds
  5 quokkas
  16 frilled lizards
  A quokka skeleton (D:4)
  6 rats
1028 creatures vanquished.

Vanquished Creatures (collateral kills)
  4 hydras
  A polar bear (Lair:6)
5 creatures vanquished.

Vanquished Creatures (others)
  A wolf (Lair:6)
  An ogre (Orc:2)
  A fungus (Lair:5)
  19 plants
22 creatures vanquished.

Grand Total: 1055 creatures vanquished

Notes
Turn   | Place    | Note
-------+----------+-------------------------------------------
     0 | D:1      | Gobbopathe the Vine Stalker Transmuter began the quest for the Orb.
     0 | D:1      | Reached XP level 1. HP: 9/9 MP: 4/4
   115 | D:1      | Reached skill level 1 in Fighting
   255 | D:1      | Reached XP level 2. HP: 14/14 MP: 6/6
   260 | D:1      | Learned a level 2 spell: Sticks to Snakes
   772 | D:2      | Gained mutation: Your system is resistant to poisons. (rPois) [potion of mutation]
   772 | D:2      | Gained mutation: You are resistant to hostile enchantments. (MR+) [potion of mutation]
   772 | D:2      | Gained mutation: You are partially covered in yellow scales. (AC +2) [potion of mutation]
  1116 | D:2      | Reached XP level 3. HP: 18/18 MP: 7/7
  1158 | D:2      | Gained mutation: Your natural rate of healing is unusually fast. [Vine Stalker growth]
  1158 | D:2      | Reached XP level 4. HP: 16/22 MP: 6/8
  1330 | D:2      | Found an opulent altar of Gozag.
  1660 | D:3      | Noticed komo4ek's ghost (amateur HuGl)
  1671 | D:3      | Reached skill level 4 in Unarmed Combat
  1676 | D:2      | Reached XP level 5. HP: 26/26 MP: 8/10
  1820 | D:2      | Learned a level 3 spell: Spider Form
  2263 | D:3      | Reached XP level 6. HP: 23/30 MP: 8/11
  2343 | D:4      | Noticed a phantom
  2357 | D:4      | Learned a level 5 spell: Blade Hands
  2380 | D:4      | Noticed dscm's ghost (amateur OpNe)
  2487 | D:5      | Entered Level 5 of the Dungeon
  2600 | D:5      | Found Qaugut's Antique Weapon Shoppe.
  2850 | D:5      | Found a staircase to the Ecumenical Temple.
  2859 | Temple   | Entered the Ecumenical Temple
  2960 | Temple   | Became a worshipper of the Wu Jian Council
  3219 | D:5      | Reached skill level 5 in Unarmed Combat
  3219 | D:5      | Reached XP level 7. HP: 27/35 MP: 6/13
  3295 | D:4      | Found a glowing silver altar of Zin.
  3605 | D:6      | Reached skill level 5 in Transmutations
  3702 | D:4      | Killed dscm's ghost
  3702 | D:4      | Gained mutation: You have razor-sharp teeth. [Vine Stalker growth]
  3702 | D:4      | Reached XP level 8. HP: 40/40 MP: 9/15
  3887 | D:4      | Reached skill level 6 in Unarmed Combat
  3953 | D:4      | Noticed Edmund
  3976 | D:4      | Killed Edmund
  3978 | D:4      | Reached * piety under Wu Jian
  4088 | D:3      | Found a white marble altar of Elyvilon.
  4139 | D:3      | Found a basalt altar of Yredelemnul.
  4232 | D:3      | Killed komo4ek's ghost
  4441 | D:6      | Reached skill level 7 in Unarmed Combat
  4445 | D:6      | Reached skill level 5 in Spellcasting
  4445 | D:6      | Reached XP level 9. HP: 42/45 MP: 11/17
  4517 | D:6      | Found a glowing silver altar of Zin.
  5383 | D:7      | Reached ** piety under Wu Jian
  5408 | D:7      | Found a blossoming altar of Fedhas.
  5430 | D:7      | Found a shattered altar of Ashenzari.
  5430 | D:7      | Found a bloodstained altar of Trog.
  5585 | D:6      | Reached skill level 8 in Unarmed Combat
  5611 | D:7      | Noticed a hornet
  5617 | D:7      | Killed a hornet
  5685 | D:7      | Found Nautoi's Magic Scroll Boutique.
  5730 | D:7      | Gained mutation: You are dopey. (Int -2) [mutagenic glow]
  5750 | D:7      | Bought a scroll of teleportation for 36 gold pieces
  5750 | D:7      | Bought a scroll of blinking for 90 gold pieces
  5750 | D:7      | Bought a scroll of identify for 24 gold pieces
  5766 | D:7      | Gained mutation: You tend to lose your temper in combat. [mutagenic glow]
  5789 | D:7      | Gained mutation: Your body sometimes deteriorates upon taking damage. [mutagenic glow]
  5825 | D:7      | Gained mutation: You are occasionally teleported next to monsters. [mutagenic glow]
  5845 | D:7      | Reached skill level 5 in Fighting
  5927 | D:7      | Reached XP level 10. HP: 43/51 MP: 15/20
  6026 | D:7      | Noticed Pikel
  6034 | D:7      | Killed Pikel
  6113 | D:7      | Found a sacrificial altar of Ru.
  6302 | D:8      | Reached skill level 9 in Unarmed Combat
  6408 | D:8      | Found a stormy altar of Qazlal.
  6462 | D:8      | Noticed Joseph
  6470 | D:8      | Killed Joseph
  6480 | D:8      | Reached *** piety under Wu Jian
  6860 | D:8      | Noticed an orange crystal statue
  6977 | D:8      | Noticed an obsidian statue
  7057 | D:8      | Noticed a two-headed ogre
  7092 | D:8      | Killed a two-headed ogre
  7521 | D:9      | Noticed Gastronok
  7534 | D:9      | Killed Gastronok
  7534 | D:9      | Reached skill level 10 in Unarmed Combat
  7534 | D:9      | Reached skill level 10 in Transmutations
  7534 | D:9      | Reached XP level 11. HP: 56/56 MP: 16/23
  7600 | D:9      | Found a staircase to the Lair.
  7911 | D:10     | Entered Level 10 of the Dungeon
  8015 | D:10     | Noticed an unseen horror
  8029 | D:10     | Killed an unseen horror
  8029 | D:10     | Reached **** piety under Wu Jian
  8250 | D:10     | Found a staircase to the Orcish Mines.
  8334 | D:10     | Found a burning altar of Makhleb.
  8344 | D:10     | Learned a level 5 spell: Yara's Violent Unravelling
  8348 | D:10     | Learned a level 3 spell: Confuse
  8354 | D:10     | Noticed a balrug
  8661 | D:11     | Reached skill level 1 in Shields
  8661 | D:11     | Reached skill level 11 in Unarmed Combat
  8718 | D:11     | Paralysed by a hornet for 2 turns
  8847 | D:11     | Noticed a two-headed ogre
  9101 | D:11     | Noticed a two-headed ogre
  9316 | D:11     | Reached ***** piety under Wu Jian
  9387 | D:11     | Noticed a cyan ugly thing
  9417 | D:11     | Killed a cyan ugly thing
  9572 | Lair:1   | Entered Level 1 of the Lair of Beasts
  9577 | Lair:1   | Gained mutation: You heal very quickly. [Vine Stalker growth]
  9577 | Lair:1   | Reached XP level 12. HP: 58/61 MP: 25/25
  9653 | Lair:1   | Noticed a seven-headed hydra
  9681 | Lair:1   | Killed a seven-headed hydra
 10912 | Lair:2   | Reached skill level 12 in Unarmed Combat
 11271 | Lair:2   | Learned a level 4 spell: Petrify
 11451 | Lair:3   | Found a staircase to the Shoals.
 11529 | Lair:3   | Noticed Rupert
 11936 | Lair:3   | Found a frozen archway.
 11952 | IceCv    | Entered an ice cave
 11955 | IceCv    | Reached XP level 13. HP: 65/65 MP: 27/27
 12091 | IceCv    | Reached skill level 13 in Unarmed Combat
 12115 | IceCv    | Lost mutation: You tend to lose your temper in combat. [potion of mutation]
 12115 | IceCv    | Lost mutation: You are partially covered in yellow scales. (AC +2) [potion of mutation]
 12115 | IceCv    | Lost mutation: Your body sometimes deteriorates upon taking damage. [potion of mutation]
 12115 | IceCv    | Gained mutation: You evolve. [potion of mutation]
 12115 | IceCv    | Lost mutation: You evolve. [potion of mutation]
 12115 | IceCv    | Gained mutation: Scrolls take you a little longer to read. [potion of mutation]
 12115 | IceCv    | Gained mutation: You are covered in fur. (AC +1) [potion of mutation]
 12116 | IceCv    | Lost mutation: Your system is resistant to poisons. (rPois) [potion of mutation]
 12116 | IceCv    | Lost mutation: Scrolls take you a little longer to read. [potion of mutation]
 12116 | IceCv    | Gained mutation: You possess an exceptional clarity of mind. [potion of mutation]
 12116 | IceCv    | Gained mutation: You are very dopey. (Int -4) [potion of mutation]
 12116 | IceCv    | Gained mutation: Your magical capacity is low. (-10% MP) [potion of mutation]
 12116 | IceCv    | Gained mutation: Your spells are a little harder to cast, but a little more powerful. [potion of mutation]
 12295 | IceCv    | Reached skill level 1 in Hexes
 12330 | IceCv    | Noticed a frost giant
 12572 | Lair:3   | Identified Ceutram's Foundations of Magic
 12824 | Lair:3   | Killed Rupert
 13307 | Lair:4   | Found a hole to the Spider Nest.
 13407 | Lair:4   | Reached ****** piety under Wu Jian
 13472 | Lair:4   | Got a coiled ruby amulet
 13500 | Lair:4   | Reached skill level 10 in Spellcasting
 13506 | Lair:4   | Identified the amulet of Onet {+Rage rF+ MR+} (You found it on level 4 of the Lair of Beasts)
 14130 | Lair:5   | Found a glowing silver altar of Zin.
 14662 | Lair:5   | Reached skill level 14 in Unarmed Combat
 14662 | Lair:5   | Reached XP level 14. HP: 70/70 MP: 26/26
 14986 | Lair:6   | Entered Level 6 of the Lair of Beasts
 15488 | Lair:6   | Reached skill level 5 in Hexes
 16013 | Lair:6   | Lost mutation: You possess an exceptional clarity of mind. [potion of mutation]
 16013 | Lair:6   | Lost mutation: Your spells are a little harder to cast, but a little more powerful. [potion of mutation]
 16013 | Lair:6   | Gained mutation: You tend to lose your temper in combat. [potion of mutation]
 16013 | Lair:6   | Lost mutation: Your magical capacity is low. (-10% MP) [potion of mutation]
 16013 | Lair:6   | Gained mutation: You are partially covered in slimy green scales. (AC +2) [potion of mutation]
 16013 | Lair:6   | Gained mutation: Your spells are a little harder to cast, but a little more powerful. [potion of mutation]
 16308 | Lair:2   | Learned a level 2 spell: Passwall
 16311 | Lair:2   | Learned a level 2 spell: Blink
 16314 | Lair:2   | Learned a level 2 spell: Swiftness
 16418 | Orc:1    | Entered Level 1 of the Orcish Mines
 16439 | Orc:1    | Reached skill level 15 in Unarmed Combat
 16769 | Orc:1    | Reached skill level 1 in Evocations
 16937 | Orc:2    | Entered Level 2 of the Orcish Mines
 16937 | Orc:2    | Noticed Snorg
 16941 | Orc:2    | Noticed Nessos
 16943 | Orc:2    | Killed Snorg
 17063 | Orc:2    | Killed Nessos
 17833 | Orc:2    | Reached skill level 16 in Unarmed Combat
 17833 | Orc:2    | Reached XP level 15. HP: 73/73 MP: 30/30
 17838 | Orc:2    | Found Asade's Antique Armour Emporium.
 17838 | Orc:2    | Found Ynus's Antique Armour Boutique.
 18025 | Orc:2    | Found Fuowumuv's Assorted Antiques.
 18107 | Orc:2    | Found a staircase to the Elven Halls.
 18118 | Orc:2    | Noticed Sonja
 18139 | Orc:2    | Killed Sonja
 18181 | Orc:2    | Noticed Donald
 18189 | Orc:2    | Killed Donald
 18249 | Orc:2    | Found a roughly hewn altar of Beogh.
 18375 | Orc:2    | Noticed Erolcha
 18379 | Orc:2    | Killed Erolcha
 18562 | Orc:2    | Found Goxeam's Jewellery Boutique.
 18562 | Orc:2    | Found Qesezex's Antique Weapon Shoppe.
 18572 | Orc:2    | Bought a pair of runed gloves for 247 gold pieces
 19175 | D:11     | Found Ytoetorch's Book Shoppe.
 19479 | D:12     | Reached skill level 17 in Unarmed Combat
 19711 | D:12     | Found Temu's Antique Armour Emporium.
 19759 | D:12     | Found Quk Bori's Blood Bar.
 20330 | D:13     | Found a gate to the Vaults.
 20400 | D:13     | Noticed Azrael
 20470 | D:13     | Killed Azrael
 20760 | D:13     | Reached skill level 18 in Unarmed Combat
 21352 | D:14     | Noticed Josephine
 21357 | D:14     | Killed Josephine
 21435 | D:14     | Reached XP level 16. HP: 77/77 MP: 31/31
 21630 | D:14     | Noticed Urug
 21641 | D:14     | Killed Urug
 22210 | D:14     | Reached skill level 19 in Unarmed Combat
 22545 | D:15     | Entered Level 15 of the Dungeon
 22547 | D:15     | Got a spiked scale mail
 22612 | D:15     | Found Xuixolud's Distillery.
 22738 | D:15     | Found Kueskin's Antique Armour Shoppe.
 22749 | D:15     | Bought the +2 shield of Resistance {rF+ rC+ MR+} for 1315 gold pieces
 22749 | D:15     | Found the +2 shield of Resistance {rF+ rC+ MR+}
 22856 | D:15     | Identified the +0 scale mail of Mumblety Peg {rElec Str+2 Int-5} (You found it on level 15 of the Dungeon)
 23078 | D:15     | Found Wimaor's Antique Armour Shop.
 23086 | D:15     | Found Vihikkuque's Gadget Boutique.
 23221 | D:15     | Found Noess's Magic Scroll Emporium.
 23286 | D:15     | Found a staircase to the Depths.
 24071 | Lair:6   | Reached skill level 5 in Shields
 24491 | Lair:5   | Found a staircase to the Slime Pits.
 24566 | Spider:1 | Entered Level 1 of the Spider Nest
 25318 | Spider:1 | Reached XP level 17. HP: 85/85 MP: 32/32
 25738 | Spider:2 | Reached skill level 20 in Unarmed Combat
 26138 | Spider:2 | Lost mutation: You are very dopey. (Int -4) [potion of mutation]
 26138 | Spider:2 | Lost mutation: You are resistant to hostile enchantments. (MR+) [potion of mutation]
 26138 | Spider:2 | Gained mutation: You have sharp toenails. [potion of mutation]
 26138 | Spider:2 | Lost mutation: You are dopey. (Int -2) [potion of mutation]
 26139 | Spider:2 | Lost mutation: You have sharp toenails. [potion of mutation]
 26139 | Spider:2 | Lost mutation: You are occasionally teleported next to monsters. [potion of mutation]
 26139 | Spider:2 | Lost mutation: Your spells are a little harder to cast, but a little more powerful. [potion of mutation]
 26139 | Spider:2 | Lost mutation: You tend to lose your temper in combat. [potion of mutation]
 26139 | Spider:2 | Gained mutation: You are agile. (Dex +2) [potion of mutation]
 26139 | Spider:2 | Gained mutation: You have sharp toenails. [potion of mutation]
 26139 | Spider:2 | Gained mutation: You are frail. (-10% HP) [potion of mutation]
 26139 | Spider:2 | Gained mutation: Your flesh is heat resistant. (rF+) [potion of mutation]
 27480 | Spider:3 | Noticed Mara
 27524 | Spider:3 | Noticed Gobbopathe's illusion
 27689 | Spider:4 | Entered Level 4 of the Spider Nest
 27791 | Spider:4 | Noticed Akransas's ghost (journeyman MiBe)
 27797 | Spider:4 | Noticed Gaball's ghost (adept TrMo)
 27812 | Spider:4 | Killed Akransas's ghost
 28098 | Spider:4 | Noticed Kirke
 28109 | Spider:4 | Killed Kirke
 28445 | Spider:4 | Reached skill level 21 in Unarmed Combat
 28889 | Spider:4 | Mangled by a spark wasp

Skill      XL: |  1  2  3  4  5  6  7  8  9 10 11 12 13 14 15 16 17 |
---------------+----------------------------------------------------+-----
Fighting       | 1 2 3 4 5 6 8 |  8.0
Transmutations | 3 4 5 6 8 10 11 12 13 14 | 14.0
Unarmed Combat | 4 5 7 8 10 11 12 14 16 18 19 21 | 21.2
Spellcasting   | 3 4 5 6 7 8 9 10 | 10.0
Shields        | 2 4 6 8 |  8.7
Hexes          | 3 6 |  6.0
Evocations     | 4 |  4.0
Dodging        | |  1.5

Action                   |  1- 3 |  4- 6 |  7- 9 | 10-12 | 13-15 | 16-18 || total
-------------------------+-------+-------+-------+-------+-------+-------++-------
Melee: Unarmed           |    70 |   233 |   303 |   515 |  1008 |   852 ||  2981
       Bite              |    14 |    44 |    46 |   111 |   235 |   205 ||   655
       Kick              |     9 |    13 |    19 |     8 |       |       ||    49
       Headbutt          |     1 |    10 |    19 |     1 |    12 |       ||    43
       Punch             |     1 |     1 |     8 |    21 |    48 |    54 ||   133
Throw: Stone             |     1 |     2 |     2 |       |       |       ||     5
       Tomahawk          |       |       |       |       |     6 |     1 ||     7
 Cast: Beastly Appendage |    13 |    26 |    20 |     7 |     4 |       ||    70
       Spider Form       |       |     5 |     7 |     3 |       |       ||    15
       Blade Hands       |       |       |     7 |    48 |    93 |    58 ||   206
       Sticks to Snakes  |       |       |       |    10 |    29 |     9 ||    48
       Yara's Violent Un |       |       |       |       |     6 |       ||     6
       Confuse           |       |       |       |       |     1 |     4 ||     5
       Blink             |       |       |       |       |       |     3 ||     3
       Swiftness         |       |       |       |       |       |     2 ||     2
Invok: Lunge             |       |     1 |    29 |    71 |   142 |    88 ||   331
       Whirlwind         |       |       |     9 |    65 |   109 |    91 ||   274
       Wall Jump         |       |       |       |     1 |     2 |       ||     3
       Serpent's Lash    |       |       |       |     1 |     7 |     3 ||    11
       Heavenly Storm    |       |       |       |       |       |     1 ||     1
 Abil: End Transformatio |       |       |       |       |       |     2 ||     2
Evoke: Wand              |       |       |       |       |     3 |       ||     3
  Use: Potion            |     2 |       |       |     4 |     3 |     4 ||    13
       Scroll            |       |       |     4 |    16 |     8 |     4 ||    32
 Stab: Sleeping          |     2 |       |       |     4 |       |     1 ||     7
       Distracted        |       |       |       |       |     1 |       ||     1
  Eat: Chunk             |     1 |     8 |    11 |    28 |    52 |    26 ||   126
       Ration            |       |       |     1 |     2 |     2 |     4 ||     9
Armor: Robe              |     9 |       |       |       |       |       ||     9
       Leather armour    |    11 |    54 |    46 |    99 |    30 |       ||   240
       Skin              |       |       |     1 |       |       |       ||     1
       Scale mail        |       |       |       |       |   220 |    55 ||   275
       Ring mail         |       |       |       |       |       |   207 ||   207
       Acid dragon scale |       |       |       |       |       |    21 ||    21
Dodge: Dodged            |    34 |   148 |   177 |   228 |   317 |   276 ||  1180
Block: Buckler           |       |       |       |    13 |    26 |     3 ||    42
       Shield            |       |       |       |       |       |   100 ||   100
